 Dungeon Crawl Stone Soup version 0.27.0-1-g7a089689b8 (webtiles) character file.

Game seed: 11447805692441549020

1589 Crownlay the Cleaver (level 8, -3/64 HPs)
             Began as a Hill Orc Fighter on Aug 16, 2021.
             Slain by a lemure (8 damage)
             ... led by Pikel
             ... on level 4 of the Dungeon.
             The game lasted 00:08:44 (4390 turns).

Crownlay the Cleaver (Hill Orc Fighter)             Turns: 4390, Time: 00:08:45

Health: -3/64      AC:  6    Str: 21    XL:     8   Next: 92%
Magic:  8/8        EV:  9    Int:  8    God:
Gold:   147        SH:  0    Dex: 10    Spells: 7/7 levels left

rFire    . . .     SeeInvis +   a - +0 war axe
rCold    . . .     Faith    .   (no shield)
rNeg     . . .     Spirit   .   b - +0 scale mail
rPois    .         Reflect  .   (no helmet)
rElec    .         Harm     .   (no cloak)
rCorr    .         Rampage  .   (no gloves)
Will     +....                  (no boots)
Stlth    ..........             r - amulet of regeneration
HPRegen  1.20/turn              o - ring of see invisible
MPRegen  0.11/turn              f - ring of willpower

@: no status effects
A: no striking features
a: no special abilities


You were on level 4 of the Dungeon.
You visited 1 branch of the dungeon, and saw 5 of its levels.

You collected 147 gold pieces.

Inventory:

Hand Weapons
 a - a +0 war axe (weapon)
Missiles
 d - 12 javelins (quivered)
Armour
 b - a +0 scale mail (worn)
 c - a +0 kite shield
Jewellery
 f - a ring of willpower (right hand)
 h - a ring of resist corrosion
 o - a ring of see invisible (left hand)
 r - an amulet of regeneration (around neck)
Scrolls
 e - 2 scrolls of torment {unknown}
 k - a scroll of fear {unknown}
 l - a scroll of magic mapping {unknown}
 q - 2 scrolls of enchant weapon {unknown}
 t - a scroll of teleportation {unknown}
 u - 2 scrolls of acquirement {unknown}
 v - a scroll of amnesia {unknown}
Potions
 g - 3 potions of curing {unknown}
 i - 2 potions of resistance {unknown}
 j - 2 potions of haste {unknown}
 m - a potion of attraction {unknown}
 n - 2 potions of flight {unknown}
 p - a potion of ambrosia {unknown}
 s - a potion of lignification {unknown}
 w - a potion of brilliance {unknown}
 x - 2 potions of degeneration {unknown}


   Skills:
 - Level 3.6 Fighting
 + Level 13.8 Axes
 - Level 3.2 Armour
 - Level 3.2 Shields


You had 7 spell levels left.
You didn't know any spells.
Your spell library contained the following spells:

 Spells                   Type           Power      Damage    Failure   Level
 Summon Small Mammal      Summ           0%         N/A       75%         1
 Call Canine Familiar     Summ           0%         N/A       98%         3
 Summon Guardian Golem    Hex/Summ       0%         N/A       98%         3


Dungeon Overview and Level Annotations

Branches:
Dungeon (5/15)
 Temple: D:4-7

Altars:


Message History

You hit the lemure.
The lemure is severely wounded.
The lemure hits you.
* * * LOW HITPOINT WARNING * * *
You closely miss the lemure.
The lemure is severely wounded.
The lemure hits you.
* * * LOW HITPOINT WARNING * * *
You hit the lemure.
The lemure is severely wounded.
The lemure hits you but does no damage.
You barely miss the lemure.
The lemure is severely wounded.
You hit the lemure.
The lemure is almost dead.
The lemure hits you!
* * * LOW HITPOINT WARNING * * *
You barely miss the lemure.
The lemure is severely wounded.
The lemure hits you but does no damage.
You slash the lemure!
You kill the lemure!
That felt strangely unrewarding.
You closely miss the lemure.
The lemure is moderately wounded.
You closely miss the lemure.
The lemure is moderately wounded.
The lemure hits you!
* * * LOW HITPOINT WARNING * * *
You hit the lemure.
The lemure is moderately wounded.
The lemure hits you.
* * * LOW HITPOINT WARNING * * *
You hit the lemure.
The lemure is heavily wounded.
The lemure hits you but does no damage.
You slash the lemure!
The lemure is almost dead.
The lemure hits you!
You die...

##...........#.#.##
#########+#.#.#.# ### #...#.#.#
#.# #####..#.#.#############.#
#........................#
#####..###.#############.#
#.........#......##.....#
########.###.#####.####.##.#####
..........>(...5@.......##.#
########.))..#####.#######.# #
####### #.........# #
########### #


You could see a lemure.

Vanquished Creatures
  Grinder (D:3)
  Menkaure (D:4)
  A water moccasin (D:4)
  Duvessa (D:5)
  A black bear (D:4)
  A centaur (D:4)
  A lemure (D:4)
  A kobold brigand (D:4)
  A bullfrog (D:5)
  Dowan (D:5)
  2 scorpions
  A water moccasin skeleton (D:5)
  4 wights (D:4)
  A hound (D:4)
  A jelly (D:4)
  3 orc priests
  Jessica (D:2)
  Terence (D:2)
  An orc wizard (D:3)
  A hound zombie (D:3)
  A hound skeleton (D:4)
  2 adders
  A white imp (D:4)
  A worm (D:2)
  4 dart slugs
  14 orcs
  8 ball pythons
  9 bats
  6 endoplasms
  2 giant cockroaches
  6 goblins
  7 hobgoblins
  2 jackals (D:1)
  5 quokkas
  4 frilled lizards
  10 kobolds
  4 rats
112 creatures vanquished.

Notes
Turn   | Place    | Note
-------+----------+-------------------------------------------
     0 | D:1      | Crownlay the Hill Orc Fighter began the quest for the Orb.
     0 | D:1      | Reached XP level 1. HP: 19/19 MP: 1/1
    24 | D:1      | Reached skill level 3 in Axes
    59 | D:1      | Reached XP level 2. HP: 23/26 MP: 2/2
    64 | D:1      | Reached skill level 4 in Axes
   442 | D:1      | Reached XP level 3. HP: 31/31 MP: 3/3
   888 | D:2      | Reached skill level 5 in Axes
  1281 | D:2      | Noticed Terence
  1287 | D:2      | Killed Terence
  1288 | D:2      | Reached XP level 4. HP: 31/39 MP: 4/4
  1408 | D:2      | Reached skill level 6 in Axes
  1667 | D:2      | Noticed Jessica
  1668 | D:2      | Killed Jessica
  1669 | D:2      | Reached XP level 5. HP: 45/45 MP: 5/5
  2057 | D:3      | Reached skill level 7 in Axes
  2712 | D:3      | Reached skill level 8 in Axes
  2712 | D:3      | Reached XP level 6. HP: 18/51 MP: 6/6
  2766 | D:3      | Noticed Grinder
  2783 | D:3      | Paralysed by Grinder for 3 turns
  2787 | D:3      | Killed Grinder
  2788 | D:3      | Reached skill level 9 in Axes
  2788 | D:3      | Reached XP level 7. HP: 8/57 MP: 7/7
  3132 | D:4      | Reached skill level 10 in Axes
  3427 | D:4      | Reached skill level 11 in Axes
  3450 | D:4      | Noticed Menkaure
  3457 | D:4      | Killed Menkaure
  3458 | D:4      | Reached XP level 8. HP: 50/64 MP: 8/8
  3728 | D:4      | Reached skill level 12 in Axes
  4153 | D:5      | Entered Level 5 of the Dungeon
  4223 | D:5      | Noticed Duvessa
  4225 | D:5      | Reached skill level 13 in Axes
  4226 | D:5      | Noticed Dowan
  4245 | D:5      | Killed Duvessa
  4248 | D:5      | Killed Dowan
  4388 | D:4      | HP: 3/64 [lemure[Pikel] (4)]
  4390 | D:4      | Slain by a lemure

Illustrated notes

Levels and vault maps discovered:
D:1:      tarquinn_simple_flora_water_d, layout_basic, corner_web_ring
D:2:      layout_basic, uniq_jessica, uniq_terence
D:3:      layout_basic, grunt_ministairs_12, minmay_misc_feat_pillars,
          uniq_grinder
D:4:      layout_basic, uniq_menkaure
D:5:      layout_cave_pools, lemuel_round_altar, temple_pool_b, uniq_duvessa,
          uniq_pikel

Skill      XL: |  1  2  3  4  5  6  7  8 |
---------------+-------------------------+-----
Axes           | 3 4 5 6 8 9 11 13 | 13.8
Fighting       | |  3.6
Armour         | |  3.2
Shields        | |  3.2

Action                   |  1- 3 |  4- 6 |  7- 9 || total
-------------------------+-------+-------+-------++-------
Melee: War axe           |    94 |    68 |   161 ||   323
Throw: Javelin           |       |     1 |       ||     1
  Use: Potion            |     1 |       |       ||     1
Armor: Scale mail        |    70 |    18 |    60 ||   148
Dodge: Dodged            |    37 |    30 |    89 ||   156
Block: Kite shield       |    42 |       |       ||    42
